 Dungeon Crawl Stone Soup version 0.31-a0-1616-gbeaec30 (webtiles) character file.

Game seed: 12379008287854006282

65 PidgeyThePirate the Cutter (level 3, 0/29 HPs)
             Began as a Demonspawn Gladiator on Jan 10, 2024.
             Slain by a ribbon worm (3 damage)
             ... on level 2 of the Dungeon.
             The game lasted 00:01:50 (855 turns).

PidgeyThePirate the Cutter (Demonspawn Gladiator)    Turns: 855, Time: 00:01:51

Health: 0/29       AC:  4    Str: 14    XL:     3   Next: 92%
Magic:  3/3        EV:  6    Int:  8    God:
Gold:   52         SH:  0    Dex: 16    Spells: 2/2 levels left

rFire   . . .        a - +0 rapier
rCold   . . .        (no shield)
rNeg    . . .        b - +0 leather armour
rPois   .            c - +0 helmet
rElec   .            (no cloak)
rCorr   .            (no gloves)
SInv    .            (no boots)
Will    .....        (no amulet)
Stlth   +            (no ring)
HPRegen 0.24/turn    (no ring)
MPRegen 0.08/turn

%: no passive effects
@: attractive, held
A: large bone plates 1, spiny 1, claws 1, hooves 1, robust 1, inability to drink
after injury 1
a: no special abilities


You were on level 2 of the Dungeon.
You visited 1 branch of the dungeon, and saw 2 of its levels.

You collected 52 gold pieces.

Inventory:

Hand Weapons
 a - a +0 rapier (weapon)
Missiles
 d - 3 throwing nets (quivered)
 e - a javelin
Armour
 b - a +0 leather armour (worn)
 c - a +0 helmet (worn)
Scrolls
 g - a scroll of enchant armour {unknown}
Potions
 f - a potion of attraction
 h - 2 potions of mutation


   Skills:
 + Level 2.2 Fighting
 * Level 3.5 Short Blades
 + Level 2.0 Throwing
 + Level 0.7 Armour
 + Level 3.1 Dodging
 + Level 0.4 Stealth
 + Level 0.2 Shields


You had 2 spell levels left.
You didn't know any spells.
Your spell library contained the following spells:

 Spells                   Type           Power      Damage    Failure   Level
 Gell's Gravitas          Tloc           0%         N/A       86%         3
 Teleport Other           Tloc           0%         N/A       86%         3
 Dispersal                Tloc           0%         N/A       100%        6


Dungeon Overview and Level Annotations

Branches:
Dungeon (2/15)

Altars:


Innate Abilities, Weirdness & Mutations

You are partially covered in large bone plates. (SH +4)
You are partially covered in sharp spines.
You have sharp fingernails.
You have large cloven feet.
You are robust. (+10% HP)
You occasionally lose the ability to drink potions when taking damage.


Message History

The kobold is heavily wounded.
You block the giant cockroach's attack. The kobold is struck by your spines.
You kill the kobold!
The giant cockroach is struck by your spines.
You kill the giant cockroach!
The ribbon worm expels a string of sticky webbing.
The stream of webbing misses you.
Things that are here:
a +0 dagger; a stone; a kobold corpse You see here a giant cockroach corpse.
The ribbon worm is struck by your spines.
The ribbon worm bites you.
* * * LOW HITPOINT WARNING * * *
You block the ribbon worm's attack.
You hit the ribbon worm.
The ribbon worm is moderately wounded.
The ribbon worm expels a string of sticky webbing.
The stream of webbing misses you.
You barely miss the ribbon worm.
The ribbon worm is lightly wounded.
You hit the ribbon worm but do no damage.
The ribbon worm is lightly wounded.
The ribbon worm is struck by your spines.
The ribbon worm bites you!
* * * LOW HITPOINT WARNING * * *
You hit the ribbon worm.
The ribbon worm is moderately wounded.
The ribbon worm expels a string of sticky webbing.
The stream of webbing hits you but does no damage.
You are caught in a web!
It was a potion of mutation.
You feel extremely strange.
You feel robust.
You occasionally lose the ability to drink potions when taking damage.
Your feet thicken and deform.
Your fingernails lengthen.
The ribbon worm bites you but does no damage.
It was a potion of attraction.
You feel attractive to monsters.
The ribbon worm is struck by your spines.
The ribbon worm bites you.
You die...

.... .. ..... #. .....
#= #.....
.###.####...... ..
............... ..
##.......#... .......##
#....@w....#
........####...).)...##
..........##....†....#
.......##.#.........?#
......###............#.
.....###................
....##...###..))........
...<.#.### #.......<....
...#...#####............


You could see a ribbon worm (catching breath).

Vanquished Creatures
  Terence (D:2)
  3 endoplasms
  5 giant cockroaches
  2 goblins
  4 hobgoblins
  3 quokkas (D:1)
  6 ball pythons
  2 frilled lizards (D:1)
  7 kobolds
  3 rats
36 creatures vanquished.

Notes
Turn   | Place    | Note
-------+----------+-------------------------------------------
     0 | D:1      | PidgeyThePirate the Demonspawn Gladiator began the quest
                  | for the Orb.
     0 | D:1      | Reached XP level 1. HP: 16/16 MP: 1/1
   205 | D:1      | Gained mutation: You are partially covered in sharp spines.
                  | [demonic ancestry]
   205 | D:1      | Reached XP level 2. HP: 21/22 MP: 2/2
   721 | D:2      | Gained mutation: You are partially covered in large bone
                  | plates. (SH +4) [demonic ancestry]
   721 | D:2      | Reached XP level 3. HP: 22/27 MP: 3/3
   814 | D:2      | Noticed Terence
   831 | D:2      | Killed Terence
   854 | D:2      | Gained mutation: You are robust. (+10% HP) [potion of
                  | mutation]
   854 | D:2      | Gained mutation: You occasionally lose the ability to drink
                  | potions when taking damage. [potion of mutation]
   854 | D:2      | Gained mutation: You have large cloven feet. [potion of
                  | mutation]
   854 | D:2      | Gained mutation: You have sharp fingernails. [potion of
                  | mutation]
   855 | D:2      | Slain by a ribbon worm

Illustrated notes

Levels and vault maps discovered:
D:1:      minmay_arrival_five_plusses, layout_loops_ring, nrook_mini_vaults
D:2:      layout_rooms, minmay_heptomino_l4, uniq_terence

Skill      XL: |  1  2 |
---------------+-------+-----
Dodging        | 3 |  3.1
Short Blades   | 3 |  3.5
Throwing       | 2 |  2.0
Fighting       | |  2.2
Armour         | |  0.7
Stealth        | |  0.4
Shields        | |  0.2

Action                     || total
---------------------------++-------
  Melee: Rapier            ||    97
         Punch             ||     1
    Use: Potion            ||     2
 Armour: Leather armour    ||    56
  Dodge: Dodged            ||    56
  Block: Other             ||    10

Table legend: (Time is in decaauts)
 A = Elapsed time spent in this place.
 B = Non-inter-level travel time spent in this place.
 C = Inter-level travel time spent in this place.
 D = Time resting spent in this place.
 E = Time spent auto-exploring this place.
 F = Levels seen in this place.
 G = Mean time per level.
                   A        B        C        D        E       F      G
               +--------+--------+--------+--------+--------+-----+--------+
         Total |    859 |    859 |      0 |      0 |    569 |   2 |  429.5 |
       Dungeon |    859 |    859 |      0 |      0 |    569 |   2 |  429.5 |
               +--------+--------+--------+--------+--------+-----+--------+

Top non-repeatable levels by time:
     D:1: 682 daAuts
     D:2: 177 daAuts
